AoeStats
← LC Ruben9

Arena

507114059Analyzed
2v2 RM · 17d ago on Sep 16, 2026· 67m 7s· 4 players
Game mode
Random Map
Map size
Medium (4 player)
Population
200
Speed
Normal
Resources
Standard
Victory
Conquest
Starting age
Dark Age
Ending age
Imperial Age
RankedLock teamsTeams togetherTeam positionsShared explorationLock speedFull tech treeHidden civsTurbo modeCheats
Victory
Defeat
🇪🇸 Koreans · Spain
1104
+17
🇪🇸 Inca · Spain
1047
+19
🇹🇷 Bohemians · Türkiye
1149
-19
🇹🇷 Persians · Türkiye
1101
-17
BigBadBearD
11:02 Feudal Age
15:01 Castle Age
13:15 Double-Bit Axe
13:46 Horse Collar
17:17 Chemistry
19:07 Fervor
28:47 Wheelbarrow
37:50 Imperial Age
36:31 Hand Cart
36:02 Loom
38:00 Heavy Scorpion
39:23 Bow Saw
41:01 Siege Engineers
40:42 Man-at-Arms
41:23 Squires
42:30 Ballistics
41:46 Long Swordsman
43:29 Two-Handed Swordsman
45:39 Pikeman
48:58 Town Watch
62:16 Elite Skirmisher
64:52 Padded Archer Armor
mertcancagla
10:34 Feudal Age
15:09 Castle Age
13:40 Double-Bit Axe
15:42 Horse Collar
21:06 Wheelbarrow
23:05 Hand Cart
24:15 Loom
24:48 Heavy Plow
25:39 Town Watch
27:36 Crossbowman
31:14 Kamandaran
31:23 Thumb Ring
35:26 Imperial Age
35:18 Bloodlines
35:10 Fletching
35:21 Padded Archer Armor
35:45 Cavalier
36:27 Husbandry
38:38 Savar
39:45 Forging
39:41 Scale Barding Armor
39:32 Bodkin Arrow
45:55 Iron Casting
45:41 Chain Barding Armor
46:09 Crop Rotation
48:30 Blast Furnace
55:43 Ballistics
56:24 Chemistry
60:02 Leather Archer Armor
60:22 Plate Barding Armor
HVD Uplift9
11:35 Feudal Age
15:26 Castle Age
13:53 Double-Bit Axe
17:34 Squires
17:22 Arson
23:36 Scale Mail Armor
31:02 Loom
31:35 Horse Collar
32:09 Bow Saw
36:38 Imperial Age
36:35 Fletching
38:21 Chemistry
39:09 Ballistics
38:47 Bodkin Arrow
40:22 Bracer
44:33 Wheelbarrow
48:29 Two-Man Saw
51:35 Light Cavalry
54:04 Conscription
53:56 Elite Fire Lancer
55:03 Chain Mail Armor
54:59 Forging
57:23 Plate Mail Armor
57:28 Iron Casting
67:42 Scale Barding Armor
LC Ruben9
1:49 Loom
11:58 Feudal Age
17:20 Castle Age
15:10 Champi Runner
16:00 Double-Bit Axe
17:15 Horse Collar
17:46 Town Watch
21:58 Elite Skirmisher
28:09 Forging
28:47 Wheelbarrow
30:44 Hand Cart
30:48 Gold Mining
31:09 Bow Saw
31:15 Heavy Plow
31:56 Thumb Ring
32:00 Fletching
32:11 Padded Archer Armor
36:16 Imperial Age
35:06 Bodkin Arrow
35:27 Leather Archer Armor
35:14 Scale Mail Armor
35:49 Iron Casting
35:49 Andean Sling
36:28 Ballistics
37:30 Conscription
37:59 Crop Rotation
38:05 Gold Shaft Mining
38:30 Bracer
39:12 Ring Archer Armor
39:12 Squires
38:57 Arson
38:34 Champi Warrior
40:27 Fabric Shields
41:56 Elite Champi Warrior
48:49 Blast Furnace
48:05 Chain Mail Armor
47:44 Elite Kamayuk
50:58 Pikeman
53:46 Halberdier
64:06 Plate Mail Armor
Connection lost

Rejoining the realm…

Still unreachable

The connection could not be restored.

Session expired

The server has moved on; the page needs a fresh start.